 Dungeon Crawl Stone Soup version 0.18-a0-1577-gf591c28 (webtiles) character file.

20572 HandofTrog the Grappler (level 12, -5/130 HPs)
             Began as a Troll Hunter on Mar 19, 2016.
             Was the Champion of Cheibriados.
             Slain by a six-headed hydra (12 damage)
             ... on level 4 of the Lair of Beasts.
             The game lasted 00:49:40 (11148 turns).

HandofTrog the Grappler (Troll Hunter)             Turns: 11148, Time: 00:49:40

Health: -5/130     AC:  9    Str: 38    XL:     12   Next: 46%
Magic:  17/17      EV: 11    Int: 26    God:    Cheibriados [******]
Gold:   803        SH:  0    Dex: 27    Spells: 4 memorised, 7 levels left

rFire  . . .     SeeInvis +       - Unarmed
rCold  . . .     Gourm    +     S - +2 robe of vines {NoDeviceHeal Regen+7}
rNeg   . . .     Faith    .     (no shield)
rPois  .         Spirit   .     z - +1 hat
rElec  .         Dismiss  .     O - +0 cloak (curse)
rCorr  +         Reflect  .     (gloves unavailable)
SustAt .         Harm     .     (boots unavailable)
MR     +....                    (no amulet)
Stlth  ++........               M - ring of see invisible
                                x - ring of resist corrosion

@: very slow, somewhat resistant to hostile enchantments, unstealthy
A: unfitting armour, claws 3, clever 1, fast metabolism 3, gourmand, magic
resistance 1, regeneration 2, shaggy fur 1, tough skin 2
a: Bend Time, Temporal Distortion, Slouch, Step From Time, Renounce Religion


You were on level 4 of the Lair of Beasts.
You worshipped Cheibriados.
Cheibriados was exalted by your worship.
You were not hungry.

You visited 3 branches of the dungeon, and saw 16 of its levels.

You collected 803 gold pieces.

Inventory:

Missiles
 c - 10 large rocks (quivered)
 d - 2 throwing nets
 p - 2 tomahawks
 E - 5 javelins
Armour
 z - a +1 hat (worn)
 O - a cursed +0 cloak (worn)
 Q - a troll hide
 S - the +2 robe of vines (worn) {NoDeviceHeal Regen+7}
   (You found it on level 10 of the Dungeon)

   It increases your rate of regeneration.
 Y - a +2 robe of magic resistance
Magical Staves
 C - an uncursed staff of poison {unknown}
 L - an uncursed staff of wizardry {unknown}
Jewellery
 b - an uncursed ring of protection from magic {unknown}
 x - a ring of resist corrosion (left claw)
 A - a +4 ring of dexterity
 M - a ring of see invisible (right claw)
 R - an uncursed amulet of harm {unknown}
Wands
 g - a wand of slowing (26/48)
 y - a wand of digging (13/24)
 H - a wand of teleportation (6/9)
 I - a wand of iceblast (7/15)
Scrolls
 a - 2 scrolls of identify
 e - 2 scrolls of amnesia {unknown}
 v - 5 scrolls of remove curse
 D - 6 scrolls of magic mapping
 X - a scroll of recharging {unknown}
Potions
 h - a potion of resistance
 i - 4 potions of agility
 k - 4 potions of brilliance
 l - a potion of haste {unknown}
 m - a potion of lignification {unknown}
 n - a potion of berserk rage {unknown}
 o - 5 potions of curing
 r - a potion of heal wounds {unknown}
 s - a potion of mutation {unknown}
 w - 5 potions of might
 B - a potion of invisibility {unknown}
 J - a potion of magic {unknown}
 P - 2 potions of flight
 V - 2 potions of cancellation
Books
 j - a book of Burglary

   Spells                             Type                      Level
   a - Swiftness                      Charms/Air                   2
   b - Passwall                       Transmutation/Earth          2
   c - Passage of Golubria            Translocation                4
   d - Lee's Rapid Deconstruction     Earth                        5
   e - Darkness                       Hexes                        6
   f - Invisibility                   Hexes                        6
 K - a Necronomicon

   Spells                             Type                      Level
   a - Haunt                          Necromancy/Summoning         7
   b - Borgnjor's Revivification      Necromancy                   8
   c - Death's Door                   Charms/Necromancy            8
   d - Necromutation                  Transmutation/Necromancy     8
 W - a book of Necromancy

   Spells                             Type                      Level
   a - Pain                           Necromancy                   1
   b - Animate Skeleton               Necromancy                   1
   c - Vampiric Draining              Necromancy                   3
   d - Regeneration                   Charms/Necromancy            3
   e - Animate Dead                   Necromancy                   4
   f - Control Undead                 Necromancy                   4
Miscellaneous
 T - a disc of storms
 U - a plain deck of changes
Comestibles
 f - 9 bread rations
 q - 2 royal jellies
 t - 11 fruits
 u - 6 meat rations
 F - 8 slices of pizza
 G - 3 beef jerkies


   Skills:
 - Level 11.1 Fighting
 + Level 3.7 Throwing
 - Level 1.5 Dodging
 - Level 0.4 Stealth
 - Level 12.4 Unarmed Combat
 + Level 4.4 Spellcasting
 - Level 6.0 Necromancy


You had 7 spell levels left.
You knew the following spells:

 Your Spells              Type           Power        Failure   Level  Hunger
a - Animate Dead          Necr           N/A          10%         4    ####...
b - Regeneration          Chrm/Necr      ###.......   10%         3    ##.....
c - Vampiric Draining     Necr           #####.....   1%          3    ##.....
d - Swiftness             Chrm/Air       #.......     14%         2    None


Dungeon Overview and Level Annotations

Branches:
Dungeon (11/15)            Temple (1/1) D:6            Lair (4/8) D:10
  Swamp: Lair:3-6    Shoals: Lair:3-6     Snake: Lair:3-6    Spider: Lair:3-6
    Orc: D:9-12

Altars:
Ashenzari
Cheibriados
Dithmenos
Elyvilon
Fedhas
Gozag
Kikubaaqudgha
Makhleb
Nemelex Xobeh
Okawaru
Pakellas
Qazlal
Ru
Sif Muna
Trog
Vehumet
Xom
Yredelemnul
Zin
The Shining One

Shops:
D:11 [

Annotations:
Lair:1 Prince Ribbit


Innate Abilities, Weirdness & Mutations

You are too large for most types of armour.
You have claws for hands.
Your metabolism is lightning-fast.
You like to eat raw meat.
You heal very quickly.
You are covered in fur (AC +1).
You have very tough skin (AC +2).
Your mind is acute. (Int +2)
You are resistant to hostile enchantments.


Message History

A six-headed hydra comes into view.
Found a lamp of fire.
Found a stone staircase leading up.
The six-headed hydra bites you! The six-headed hydra bites you. x2
The six-headed hydra bites you! x2; The six-headed hydra bites you.
The six-headed hydra closely misses you.
The six-headed hydra bites you! x3
The six-headed hydra bites you but does no damage.
The six-headed hydra bites you!
Found 15 gold pieces.
The six-headed hydra bites you!
* * * LOW HITPOINT WARNING * * *
The six-headed hydra bites you!
* * * LOW HITPOINT WARNING * * *
The six-headed hydra bites you!
* * * LOW HITPOINT WARNING * * *
The six-headed hydra bites you.
* * * LOW HITPOINT WARNING * * *
The six-headed hydra bites you!
You die...

........# #........
........$ #........
#.......# #........
#......<# ##........
#.......# #.........
#.....}.## ##........
.........# #........
.......D#########........
#..#P#..@##.##.#.†.......
#........†..........
#P...######.P........
##...# ##..####..# #P.P#
#P.## #### ##.## ##..#
..# #..## # ##<#
#...#.#.#
##.#########........


You could see a six-headed hydra.

Vanquished Creatures
  Gastronok (Lair:2)
  The ghost of kak the Covert, a journeyman OpVM of Dithmenos (Lair:2)
  A centaur warrior (D:10)
  A hydra (Lair:4)
  A hill giant (D:10)
  An ugly thing (D:11)
  A centaur skeleton (D:11)
  2 spiny frogs
  2 komodo dragons (Lair:1)
  2 trolls
  A two-headed ogre (D:10)
  3 blink frogs (Lair:3)
  A hog (D:7)
  A human (D:7)
  29 yaks
  5 hippogriffs
  Grum (Lair:1)
  A steam dragon (D:9)
  A hungry ghost (D:9)
  12 water moccasins
  5 porcupines
  2 ice beasts
  3 orc warriors
  A black bear (D:8)
  4 sky beasts
  3 phantoms
  2 wolves (Lair:1)
  9 ogres
  5 centaurs
  4 crocodiles
  A big kobold (D:7)
  14 giant frogs
  A wyvern zombie (D:6)
  4 scorpions
  6 killer bees (D:7)
  3 wights (D:6)
  9 howler monkeys
  4 electric eels
  A centaur zombie (D:6)
  2 crimson imps
  2 giant frog zombies
  6 jellies
  2 hounds
  3 orc priests
  3 giant frog skeletons
  3 iguanas
  7 orc wizards
  7 worker ants
  9 sheep
  A hound zombie (D:7)
  A hound skeleton (D:6)
  2 worker ant zombies
  A gnoll (D:1)
  A howler monkey skeleton (D:11)
  13 adders
  15 river rats
  2 adder skeletons
  3 worms
  5 giant geckos
  17 orcs
  7 giant cockroaches
  4 goblins
  4 hobgoblins
  4 jackals (D:10)
  4 quokkas
  2 ball pythons
  10 bats
  A giant gecko skeleton (D:4)
  4 giant newts
  15 kobolds
  4 rats
  A plant (Lair:3)
314 creatures vanquished.

Vanquished Creatures (others)
  34 fungi
  12 plants
46 creatures vanquished.

Grand Total: 360 creatures vanquished

Notes
Turn   | Place    | Note
--------------------------------------------------------------
     0 | D:1      | HandofTrog the Troll Hunter began the quest for the Orb.
     0 | D:1      | Reached XP level 1. HP: 19/19 MP: 0/0
    29 | D:1      | Reached skill level 1 in Unarmed Combat
    29 | D:1      | Reached XP level 2. HP: 17/27 MP: 1/1
   139 | D:1      | Reached skill level 2 in Unarmed Combat
   640 | D:2      | Reached XP level 3. HP: 33/33 MP: 2/2
   681 | D:2      | Reached skill level 3 in Unarmed Combat
  1295 | D:3      | Reached XP level 4. HP: 41/41 MP: 3/3
  1890 | D:3      | Reached skill level 4 in Unarmed Combat
  2352 | D:4      | Found a white marble altar of Elyvilon.
  2361 | D:4      | Reached XP level 5. HP: 44/48 MP: 4/4
  2428 | D:4      | Reached skill level 5 in Unarmed Combat
  2483 | D:4      | Noticed a phantom
  2523 | D:4      | Killed a phantom
  2523 | D:4      | Reached skill level 6 in Unarmed Combat
  2523 | D:4      | Reached XP level 6. HP: 52/55 MP: 5/5
  2615 | D:4      | Found a shadowy altar of Dithmenos.
  3015 | D:4      | Found a radiant altar of Vehumet.
  3015 | D:4      | Found a glowing golden altar of the Shining One.
  3050 | D:5      | Entered Level 5 of the Dungeon
  3089 | D:5      | Reached skill level 7 in Unarmed Combat
  3231 | D:5      | Reached XP level 7. HP: 55/62 MP: 6/6
  3355 | D:5      | Reached skill level 8 in Unarmed Combat
  4032 | D:6      | Reached skill level 9 in Unarmed Combat
  4107 | D:6      | Reached XP level 8. HP: 54/70 MP: 7/7
  4186 | D:6      | Found a staircase to the Ecumenical Temple.
  4322 | Temple   | Entered the Ecumenical Temple
  4449 | Temple   | Became a worshipper of Cheibriados the Contemplative
  4566 | D:6      | Reached skill level 10 in Unarmed Combat
  4914 | D:6      | Reached skill level 11 in Unarmed Combat
  5212 | D:7      | Reached * piety under Cheibriados
  5258 | D:7      | Reached XP level 9. HP: 44/76 MP: 8/8
  5484 | D:7      | Found a blossoming altar of Fedhas.
  5557 | D:7      | Reached skill level 12 in Unarmed Combat
  5657 | D:7      | Reached ** piety under Cheibriados
  6057 | D:7      | Found an iron altar of Okawaru.
  6560 | D:8      | Reached skill level 5 in Fighting
  6924 | D:8      | Reached XP level 10. HP: 95/98 MP: 9/9
  7071 | D:8      | Reached *** piety under Cheibriados
  7447 | D:9      | Found a burning altar of Makhleb.
  7448 | D:9      | Found an oddly glowing altar of Pakellas.
  7808 | D:10     | Entered Level 10 of the Dungeon
  7976 | D:10     | Reached **** piety under Cheibriados
  8073 | D:10     | Noticed a hill giant
  8078 | D:10     | Killed a hill giant
  8217 | D:10     | Reached XP level 11. HP: 59/117 MP: 10/10
  8298 | D:10     | Noticed a centaur warrior
  8302 | D:10     | Killed a centaur warrior
  8302 | D:10     | Reached skill level 10 in Fighting
  8348 | D:10     | Found a staircase to the Lair.
  8528 | D:10     | You fall through a shaft!
  8708 | D:11     | Noticed a red ugly thing
  8709 | D:11     | Found Unom's Antique Armour Emporium.
  8722 | D:11     | Killed a red ugly thing
  8729 | D:11     | Reached ***** piety under Cheibriados
  9151 | D:10     | Learned a level 4 spell: Animate Dead
  9155 | D:10     | Learned a level 3 spell: Regeneration
  9159 | D:10     | Learned a level 3 spell: Vampiric Draining
  9164 | D:10     | Gained mutation: You are resistant to hostile enchantments. [potion of beneficial mutation]
  9165 | D:10     | Gained mutation: Your mind is acute. (Int +2) [potion of beneficial mutation]
  9188 | Lair:1   | Entered Level 1 of the Lair of Beasts
  9194 | Lair:1   | Noticed Grum
  9205 | Lair:1   | Killed Grum
  9212 | Lair:1   | Reached skill level 1 in Necromancy
  9214 | Lair:1   | Reached skill level 1 in Spellcasting
  9290 | Lair:1   | Learned a level 2 spell: Swiftness
  9645 | Lair:1   | Noticed Prince Ribbit
  9895 | Lair:2   | Noticed Gastronok
  9904 | Lair:2   | Killed Gastronok
  9904 | Lair:2   | Reached XP level 12. HP: 128/130 MP: 13/15
  9965 | Lair:2   | Noticed kak's ghost (journeyman OpVM)
  9969 | Lair:2   | Killed kak's ghost
 10286 | Lair:2   | Reached skill level 5 in Necromancy
 10289 | Lair:2   | Reached ****** piety under Cheibriados
 10846 | Lair:4   | Noticed a four-headed hydra
 10857 | Lair:4   | Killed a six-headed hydra
 11145 | Lair:4   | Noticed a six-headed hydra
 11148 | Lair:4   | Slain by a six-headed hydra

Vault maps used:
D:1:      lightli_arrival_statuegarden, st_stairs_14, nrook_mini_backslash
D:2:      wad_lake_hut
D:4:      amethyst_overflow_temple_binary, lemuel_doored_altar,
          grunt_dithmenos_smoke_and_mirrors, first_bread
D:6:      minmay_temple_entry_trees
D:7:      basic_altar, hangedman_decor_diamond_cutter, fountainhead,
          grunt_livestock, okawaru_metal_pillars_3
D:8:      hex_large
D:9:      gammafunk_temple_overflow_pools, kennysheep_potato
D:10:     minmay_wavy_crystal, due_lair_maze_entry_diamond, serial_corexii_hall,
          corexii_hall_statues_s, corexii_hall_statues_l,
          corexii_hall_statues_i, corexii_hall_statues_i
D:11:     basic_altar, serial_shops, shop
Temple:   water_room_temple_a_12
Lair:1:   serial_bayou_pond_a, fungi_pond_lemuel, uniq_grum, uniq_prince_ribbit2
Lair:2:   grunt_megastairs_1, lemuel_fruit_tree, uniq_gastronok
Lair:3:   pond
Lair:4:   beast_lair_carwin_4

Skill      XL: |  1  2  3  4  5  6  7  8  9 10 11 12 |
---------------+-------------------------------------+-----
Unarmed Combat | 1 2 3 4 6 7 9 11 12 | 12.4
Fighting       | 5 9 11 | 11.1
Necromancy     | 4 6 |  6.0
Spellcasting   | 3 4 |  4.4
Throwing       | |  3.7
Dodging        | |  1.5
Stealth        | |  0.4

Action                   |  1- 3 |  4- 6 |  7- 9 | 10-12 || total
-------------------------+-------+-------+-------+-------++-------
Melee: Unarmed           |    88 |   133 |   285 |   372 ||   878
Throw: Large rock        |       |       |     5 |    16 ||    21
Invok: Bend Time         |       |       |       |     2 ||     2
  Use: Scroll            |       |       |     7 |    11 ||    18
       Potion            |       |       |       |     3 ||     3
 Stab: Sleeping          |     1 |     1 |     1 |     9 ||    12
       Distracted        |       |       |       |     2 ||     2
  Eat: Chunk             |     8 |    18 |    24 |    31 ||    81
       Bread ration      |     1 |       |     1 |       ||     2
